 Dungeon Crawl Stone Soup version 0.31.0-11-ge490571c62 (webtiles) character file.

Game seed: 8311062039003634903

22 qw the Shooter (level 2, -2/16 HPs)
             Began as a Deep Elf Hunter on Feb 3, 2024.
             Slain by an adder (3 damage)
             ... on level 2 of the Dungeon.
             The game lasted 00:00:01 (629 turns).

qw the Shooter (Deep Elf Hunter)                     Turns: 629, Time: 00:00:02

Health: -2/16      AC:  3    Str:  8    XL:     2   Next: 68%
Magic:  4/4        EV: 12    Int: 13    God:
Gold:   52         SH:  0    Dex: 18    Spells: 1/1 levels left

rFire   . . .        a - +0 shortbow
rCold   . . .        (shield currently unavailable)
rNeg    . . .        c - +0 leather armour
rPois   .            (no helmet)
rElec   .            (no cloak)
rCorr   .            (no gloves)
SInv    .            (no boots)
Will    .....        (no amulet)
Stlth   ++           (no ring)
HPRegen 0.22/turn    (no ring)
MPRegen 0.09/turn

%: no passive effects
@: lethally poisoned (-2 -> -6)
A: no striking features
a: no special abilities


You were on level 2 of the Dungeon.
You visited 1 branch of the dungeon, and saw 2 of its levels.

You collected 52 gold pieces.


   Skills:
 - Level 1.5 Fighting
 + Level 6.4 Ranged Weapons
 - Level 2.4 Dodging
 - Level 1.2 Stealth


You had one spell level left.
You didn't know any spells.
Your spell library was empty.

Inventory:

Hand Weapons
 a - a +0 shortbow (weapon)
Armour
 c - a +0 leather armour (worn)
Potions
 d - a potion of brilliance {unknown}
 e - a potion of invisibility {unknown}

Dungeon Overview and Level Annotations

Branches:
Dungeon (2/15)

Altars:


Message History

What level of the Dungeon? (default 1, ? - help)
A kobold comes into view. It is wielding a +0 whip.
You shoot an arrow. The kobold shouts!
The arrow hits the kobold.
The kobold is moderately wounded.
You shoot an arrow. The arrow hits the kobold.
You kill the kobold!
You now have 52 gold pieces (gained 17).
You see here a +0 whip.
Partly explored, can't reach some places.
Partly explored, can't reach some places.
What level of the Dungeon? (default 2, ? - help)
There is a stone staircase leading down here.
You climb downwards.
There is a stone staircase leading up here.
Waypoint 1 assigned to D:2.
An adder comes into view.
You shoot an arrow.
The arrow hits the adder but does no damage.
The adder hisses angrily.
The adder closely misses you.
You shoot an arrow. The arrow misses the adder.
The adder bites you.
You are poisoned.
The adder poisons you!
You shoot an arrow. The arrow closely misses the adder.
You feel sick. The adder barely misses you. The adder bites you.
You shoot an arrow. The arrow closely misses the adder.
You feel sick. The adder barely misses you.
You shoot an arrow. The arrow closely misses the adder.
You feel sick. The adder closely misses you. x2
You shoot an arrow. The arrow hits the adder.
The adder is heavily wounded.
You feel sick. The adder bites you.
You are lethally poisoned!
The adder poisons you!
You shoot an arrow. The arrow closely misses the adder.
You feel sick. The adder barely misses you. The adder bites you.
You die...

#######
#...S.#
#@# #.#
###.#####
#......<#
#########


You could see an adder.

Vanquished Creatures
  2 endoplasms (D:1)
  4 giant cockroaches (D:1)
  3 goblins (D:1)
  2 hobgoblins (D:1)
  2 quokkas (D:1)
  2 frilled lizards (D:1)
  3 kobolds (D:1)
  A rat (D:1)
19 creatures vanquished.

Notes
Turn   | Place    | Note
-------+----------+-------------------------------------------
     0 | D:1      | qw the Deep Elf Hunter began the quest for the Orb.
     0 | D:1      | Reached XP level 1. HP: 12/12 MP: 3/3
     0 | D:1      | 0 ||| qw: Version: 0.3-a-158-g18b3111
     0 | D:1      | 0 ||| qw: Game counter: 4119
     0 | D:1      | 0 ||| qw: Melee chars always use a shield: true
     0 | D:1      | 0 ||| qw: God list: Okawaru
     0 | D:1      | 0 ||| qw: Allow faded altars: false
     0 | D:1      | 0 ||| qw: Do Orc after clearing Dungeon:15 true
     0 | D:1      | 0 ||| qw: Do second Lair branch before Depths: true
     0 | D:1      | 0 ||| qw: Lair rune preference: random
     0 | D:1      | 0 ||| qw: Goals: Normal
     0 | D:1      | 0 ||| PLANNING D:1-11
    65 | D:1      | Reached skill level 6 in Ranged Weapons
    65 | D:1      | Reached XP level 2. HP: 16/16 MP: 4/4
   588 | D:1      | 588 ||| READING scroll labelled ASHRIK CUDASK.
   589 | D:1      | 589 ||| READING scroll labelled ZAOFUX KOSE.
   592 | D:1      | 592 ||| DROPPING scroll of butterflies.
   628 | D:2      | HP: 3/16 [adder (4)]
   629 | D:2      | HP: 1/16 [poisoned by an adder]
   629 | D:2      | Slain by an adder

Levels and vault maps discovered:
D:1:      heliophobic_arrival_glass_houses, layout_basic
D:2:      minmay_skewed_foursquare, layout_basic, uniq_natasha

Skill      XL: |  1 |
---------------+----+-----
Ranged Weapons | 6 |  6.4
Fighting       | |  1.5
Dodging        | |  2.4
Stealth        | |  1.2

Action                     || total
---------------------------++-------
   Fire: Shortbow          ||    50
    Use: Scroll            ||     2
 Armour: Leather armour    ||     5
  Dodge: Dodged            ||     7

Table legend:
 A = Non-vault XP
 B = Vault XP
 C = Vault XP percentage of total XP
 D = Non-vault monster count
 E = Vault monster count
 F = Vault count percentage of total count
                 A         B        C        D         E       F
            +---------+---------+-------+---------+---------+-------
      Total |      32 |       0 |   0.0 |      19 |       0 |   0.0
            +---------+---------+-------+---------+---------+-------
        D:1 |      32 |       0 |   0.0 |      19 |       0 |   0.0
            +---------+---------+-------+---------+---------+-------
